 Dungeon Crawl Stone Soup version 0.22-a0-414-gacd343e8ff (webtiles) character file.

23 Ryomija the Shield-Bearer (level 3, -2/29 HPs)
             Began as a Formicid Fighter on May 14, 2018.
             Slain by Terence
             ... wielding a +0 flail
              (5 damage)
             ... on level 2 of the Dungeon.
             The game lasted 00:01:47 (894 turns).

Ryomija the Shield-Bearer (Formicid Fighter)         Turns: 894, Time: 00:01:47

Health: -2/29      AC:  6    Str: 21    XL:     3   Next: 10%
Magic:  3/3        EV:  7    Int:  7    God:
Gold:   11         SH:  9    Dex: 10    Spells: 2/2 levels left

rFire    . . .     SeeInvis +   a - +0 long sword
rCold    . . .     Gourm    .   c - +0 shield
rNeg     . . .     Faith    .   b - +0 scale mail
rPois    .         Spirit   .   (helmet unavailable)
rElec    .         Reflect  .   (no cloak)
rCorr    .         Harm     .   (no gloves)
MR       .....                  (no boots)
Stlth    ..........             (no amulet)
HPRegen  0.09/turn              (no ring)
MPRegen  0.08/turn              (no ring)

@: no status effects
A: permanent stasis, dig shafts and tunnels, four strong arms, antennae 3
a: Dig, Shaft Self


You were on level 2 of the Dungeon.
You were not hungry.

You visited 1 branch of the dungeon, and saw 2 of its levels.

You collected 11 gold pieces.

Inventory:

Hand Weapons
 a - a +0 long sword (weapon)
Armour
 b - a +0 scale mail (worn)
 c - a +0 shield (worn)
Scrolls
 e - a scroll of amnesia {unknown}
 i - a scroll of identify {unknown}
Potions
 d - a potion of might
 g - a potion of invisibility {unknown}
 h - a potion of heal wounds {unknown}
 j - a potion of degeneration {unknown}
Comestibles
 f - 2 rations


   Skills:
 - Level 3.2 Fighting
 + Level 3.3 Long Blades
 - Level 3.2 Armour
 - Level 3.6 Shields


You had 2 spell levels left.
You didn't know any spells.
Your spell library was empty.

Dungeon Overview and Level Annotations

Branches:
Dungeon (2/15)

Altars:

Annotations:
D:2 Terence


Innate Abilities, Weirdness & Mutations

You cannot be hasted, slowed, berserked, paralysed or teleported.
You can dig through walls and to a lower floor.
Your four strong arms can wield two-handed weapons with a shield.
You have a pair of large antennae on your head. (SInv)


Message History

Terence is severely wounded.
Terence barely misses you.
You hit Terence but do no damage.
Terence is severely wounded.
Terence hits you but does no damage.
You hit Terence but do no damage.
Terence is severely wounded.
You block Terence's attack.
You hit Terence.
Terence is almost dead.
Terence barely misses you.
You riposte.
Your shield and scale mail prevent you from hitting Terence.
Terence is almost dead.
You barely miss Terence.
Terence is almost dead.
Terence zaps a wand.
The puff of flame hits you!
You closely miss Terence.
Terence is almost dead.
Terence hits you with a flail.
You die...

#..##.# #.#
#..##.########.# #
#..##.......##.#
####.#..########.##.#
..>..#......#..#.##.#
............#....##.#
#####..#.####.####.#
#....#.# #.# #.#
#@#.##.####.# #.#
#@#.##......# #.#
#.#.######### #.#
..#.####### #.#
###.......######.#
...............#
#######.######## #.#
#.#


You could see Terence.

Vanquished Creatures
  A leopard gecko (D:1)
  3 bats (D:1)
  A giant cockroach (D:1)
  4 hobgoblins (D:1)
  3 kobolds (D:1)
  A frilled lizard (D:1)
  4 goblins
  3 rats (D:1)
20 creatures vanquished.

Notes
Turn   | Place    | Note
-------+----------+-------------------------------------------
     0 | D:1      | Ryomija the Formicid Fighter began the quest for the Orb.
     0 | D:1      | Reached XP level 1. HP: 18/18 MP: 1/1
   151 | D:1      | Reached XP level 2. HP: 23/24 MP: 2/2
   586 | D:1      | Reached XP level 3. HP: 29/29 MP: 3/3
   877 | D:2      | Noticed Terence
   894 | D:2      | Slain by Terence

Vault maps used:
D:1:      dpeg_arrival_triangle_fractal
D:2:      gammafunk_temple_overflow_elements, uniq_natasha, uniq_terence

Skill      XL: |  1  2 |
---------------+-------+-----
Long Blades    | 3 |  3.3
Fighting       | |  3.2
Armour         | |  3.2
Shields        | |  3.6

Action                   || total
-------------------------++-------
Melee: Long sword        ||    80
Armor: Scale mail        ||    34
Dodge: Dodged            ||    18
Block: Shield            ||    53
       Rpst.: Long sword ||     8

Table legend:
 A = Spawn XP
 B = Non-spawn XP
 C = Spawn XP percentage of total XP
 D = Spawn monster count
 E = Non-spawn monster count
 F = Spawn count percentage of total count
 G = Total turns spent on level
                    A         B        C        D         E        F      G
               +---------+---------+-------+---------+---------+-------+---------
         Total |       0 |      33 |   0.0 |       0 |      20 |   0.0 |   894
               +---------+---------+-------+---------+---------+-------+---------
           D:1 |       0 |      31 |   0.0 |       0 |      19 |   0.0 |   767
           D:2 |       0 |       2 |   0.0 |       0 |       1 |   0.0 |   127
               +---------+---------+-------+---------+---------+-------+---------
